Map: Mech Depot LE

Players

FiteSumCrime - Winner!

  • Race: Protoss Protoss
  • League: Grandmaster
  • Spawn Location: 1:00

Sonny

  • Race: Protoss Protoss
  • League: Grandmaster
  • Spawn Location: 7:00

Event: HopeTL

VOD

https://www.youtube.com/watch?v=fIOJgj8wW98&list=PL9QsjkBYtQM7NVZEDVfaNugqO61aBOlm6&index=1

Description

Time

  • Played on: Sept. 30, 2017, 7:36 p.m.
  • Length: 8:12
Show
View Real Time Build Order
Export as new Build Order

FiteSumCrime Protoss - Winner!

Build Orders: Dark Templar Rush 

Get SALT Encoding   

  12  0:01  Probe (Chrono Boost)  
  13  0:12  Probe (Chrono Boost)  
  14  0:22  Pylon  
  14  0:23  Probe (Chrono Boost)  
  15  0:40  Probe (Chrono Boost)  
  16  0:42  Gateway  
  16  0:46  Assimilator  
  16  0:50  Probe (Chrono Boost)  
  16  0:52  Assimilator  
  17  1:01  Probe (Chrono Boost)  
  18  1:11  Probe (Chrono Boost)  
  18  1:16  Gateway  
  19  1:22  Probe (Chrono Boost)  
  20  1:29  Cybernetics Core  
  21  1:32  Probe (Chrono Boost)  
  21  1:39  Pylon  
  21  1:43  Probe (Chrono Boost)  
  22  1:57  Probe (Chrono Boost)  
  23  2:05  Adept x2  
  23  2:06  Warp Gate (Chrono Boost)  
  23  2:08  Mothership Core (Chrono Boost)  
  29  2:18  Twilight Council  
  29  2:42  Nexus  
  30  2:56  Dark Shrine  
  29  2:59  Probe  
  30  3:09  Pylon  
  30  3:11  Pylon  
  30  3:18  Probe  
  26  3:28  Robotics Facility  
  26  3:30  Probe  
  27  3:40  Pylon  
  27  3:42  Probe  
  27  3:46  Pylon  
  28  3:53  Probe  
  29  4:00  Pylon  
  29  4:04  Probe  
  29  4:08  Dark Templar x2  
  29  4:09  Probe  
  34  4:16  Observer, Probe  
  37  4:19  Probe  
  38  4:28  Probe  
  38  4:30  Probe  
  40  4:40  Probe x2  
  40  4:42  Dark Templar  
  44  4:46  Assimilator  
  44  4:51  Dark Templar, Assimilator, Probe  
  44  4:52  Probe  
  47  4:57  Pylon  
  48  5:06  Probe  
  49  5:07  Probe  
  48  5:18  Probe  
  48  5:20  Immortal (Chrono Boost)  
  53  5:24  Forge  
  53  5:26  Probe  
  54  5:31  Probe  
  54  5:34  Gateway  
  53  5:37  Gateway  
  53  5:40  Sentry  
  55  5:48  Probe  
  57  5:50  Sentry  
  57  5:52  Pylon  
  57  5:53  Pylon  
  57  5:56  Blink (Chrono Boost)  
  58  5:58  Gateway  
  58  6:00  Immortal (Chrono Boost)  
  62  6:06  Probe  
  62  6:07  Probe  
  64  6:18  Protoss Ground Weapons Level 1  
  64  6:20  Probe x2  
  66  6:25  Stalker  
  66  6:26  Stalker  
  70  6:37  Pylon  
  70  6:39  Immortal (Chrono Boost)  
  74  6:45  Stalker  
  76  6:47  Stalker  
  78  6:57  Pylon x2  
  78  6:58  Stalker  
  78  6:59  Sentry  
  80  7:09  Zealot  
  80  7:10  Pylon, Stalker  
  80  7:24  Stalker x2  
  80  7:25  Sentry  
  76  7:33  Stalker  
  76  7:36  Stalker  
  76  7:40  Gateway  
  76  7:41  Gateway  
  68  7:56  Probe  
  67  8:05  Stalker x4  
  70  8:06  Stalker  
Show
View Real Time Build Order
Export as new Build Order

Sonny Protoss 

Build Orders:  

Get SALT Encoding   

  12  0:01  Probe (Chrono Boost)  
  13  0:11  Probe (Chrono Boost)  
  14  0:17  Pylon  
  14  0:22  Probe (Chrono Boost)  
  16  0:35  Probe (Chrono Boost)  
  16  0:36  Gateway  
  16  0:43  Assimilator  
  16  0:46  Probe (Chrono Boost)  
  17  0:50  Assimilator  
  17  0:56  Probe (Chrono Boost)  
  18  1:07  Probe (Chrono Boost)  
  18  1:09  Gateway  
  19  1:17  Probe (Chrono Boost)  
  20  1:24  Cybernetics Core  
  20  1:28  Probe (Chrono Boost)  
  21  1:35  Pylon  
  21  1:38  Probe (Chrono Boost)  
  22  1:49  Probe (Chrono Boost)  
  23  2:01  Adept x2  
  27  2:02  Warp Gate  
  27  2:06  Mothership Core (Chrono Boost)  
  29  2:13  Pylon  
  29  2:28  Probe (Chrono Boost)  
  30  2:46  Nexus  
  30  3:00  Robotics Facility  
  30  3:03  Sentry x2  
  33  3:23  Probe (Chrono Boost)  
  34  3:36  Twilight Council  
  34  3:38  Probe (Chrono Boost)  
  35  3:49  Probe (Chrono Boost)  
  36  3:58  Immortal (Chrono Boost)  
  36  3:59  Probe (Chrono Boost)  
  36  4:00  Probe (Chrono Boost)  
  42  4:04  Pylon  
  42  4:10  Probe (Chrono Boost)  
  42  4:16  Probe  
  43  4:21  Probe  
  43  4:22  Blink (Chrono Boost)  
  45  4:29  Pylon  
  45  4:31  Pylon  
  45  4:36  Pylon  
  46  4:43  Pylon  
  45  4:47  Observer (Chrono Boost)  
  45  4:57  Probe  
  45  4:59  Probe  
  43  5:17  Probe  
  43  5:20  Warp Prism (Chrono Boost)  
  46  5:24  Stalker  
  48  5:51  Pylon  
  48  5:54  Pylon  
  48  5:58  Gateway x2  
  48  6:09  Probe  
  48  6:10  Observer (Chrono Boost)  
  50  6:29  Nexus  
  50  6:31  Pylon  
  50  6:32  Observer (Chrono Boost)  
  51  6:33  Stalker  
  51  6:34  Stalker  
  55  6:52  Probe  
  56  6:55  Stalker x2  
  60  7:07  Probe  
  61  7:15  Adept x2  
  63  7:34  Stalker x2  
  65  7:39  Probe  
  70  7:44  Probe  
  70  7:50  Adept  
Tags
 
Add a new tag
Caveats
  • Supply blocks, unpowered buildings, or Contaminate may cause inaccurate times.
  • Supply counts are checked every 10 seconds.